AoeStats
← papatheocari

Glade

510411869Analyzed
1v1 RM · 11h ago on Sep 30, 2026· 32m 50s· 2 players
Game mode
Random Map
Map size
Tiny (2 player)
Population
200
Speed
Normal
Resources
Standard
Victory
Conquest
Starting age
Dark Age
Ending age
Imperial Age
RankedLock teamsTeams togetherTeam positionsShared explorationLock speedFull tech treeHidden civsTurbo modeCheats
Victory
Defeat
🇦🇷 Turks · Argentina
1097
+16
🇧🇪 Franks · Belgium
1094
-16
papatheocari
2:29 Loom
11:21 Feudal Age
12:14 Double-Bit Axe
16:42 Castle Age
16:41 Stone Mining
30:35 Fletching
31:28 Padded Archer Armor
32:17 Murder Holes
33:11 Bodkin Arrow
Robert Bruce
7:40 Loom
10:31 Feudal Age
15:30 Castle Age
16:22 Double-Bit Axe
24:25 Horse Collar
25:30 Town Watch
29:10 Imperial Age
27:11 Heavy Plow
29:29 Wheelbarrow
29:07 Gold Mining
31:08 Scale Barding Armor
31:14 Forging
Connection lost

Rejoining the realm…

Still unreachable

The connection could not be restored.

Session expired

The server has moved on; the page needs a fresh start.